 Dungeon Crawl Stone Soup version 0.28-a0-728-g0181a31188 (webtiles) character file.

Game seed: 10940497427156112598

2882 Ijustatesigmund the Covert (level 9, -3/111 HPs)
             Began as a Gnoll Delver on Oct 28, 2021.
             Was an Initiate of Cheibriados.
             Slain by a two-headed ogre (8 damage)
             ... on level 8 of the Dungeon.
             The game lasted 00:17:53 (11155 turns).

Ijustatesigmund the Covert (Gnoll Delver)          Turns: 11155, Time: 00:17:54

Health: -3/111     AC: 13    Str: 13    XL:     9   Next: 76%
Magic:  15/15      EV: 11    Int: 13    God:    Cheibriados [......]
Gold:   491        SH:  0    Dex: 15    Spells: 15/17 levels left

rFire   . . .      SeeInvis +   a - +6 hand axe (vamp)
rCold   . . .      Faith    .   (no shield)
rNeg    . . .      Spirit   .   b - +0 scale mail
rPois   .          Reflect  .   e - +1 helmet
rElec   .          Harm     .   t - +1 cloak
rCorr   .          Rampage  .   (no gloves)
Will    +....                   h - +1 pair of boots
Stlth   ..........              o - amulet of the acrobat
HPRegen 0.28/turn               y - ring of see invisible
MPRegen 0.14/turn               A - ring of willpower

@: berserking, very slow
A: fangs 1, strong nose, distributed training
a: Renounce Religion, Bend Time


You were on level 8 of the Dungeon.
You worshipped Cheibriados.
Cheibriados was noncommittal.
You visited 2 branches of the dungeon, and saw 9 of its levels.
You also visited: Sewer.

You collected 491 gold pieces.

Inventory:

Hand Weapons
 a - a +6 vampiric hand axe (weapon)
 i - a +0 morningstar
 l - a +0 war axe
Missiles
 f - 2 curare-tipped darts
 k - 26 poisoned darts (quivered)
 p - 3 javelins
Armour
 b - a +0 scale mail (worn)
 e - a +1 helmet (worn)
 h - a +1 pair of boots (worn)
 t - a +1 cloak (worn)
Jewellery
 o - an amulet of the acrobat (around neck)
 v - a ring of ice
 y - a ring of see invisible (left hand)
 A - a ring of willpower (right hand)
 B - a ring of fire
 E - a ring of poison resistance
 G - a +6 ring of intelligence
 L - a ring of willpower
Wands
 g - a wand of digging (1)
 z - a wand of flame (17)
 F - a wand of iceblast (7)
 H - a wand of acid (11)
 J - a wand of paralysis (4)
Scrolls
 c - 6 scrolls of fog
 q - a scroll of enchant armour
 u - a scroll of silence
 D - a scroll of magic mapping
 I - 3 scrolls of identify
Potions
 d - a potion of curing
 j - 2 potions of ambrosia
 m - 4 potions of mutation
 n - 3 potions of might
 r - 3 potions of brilliance
 s - a potion of resistance {unknown}
 w - a potion of berserk rage
 x - 2 potions of degeneration {unknown}
 K - a potion of magic
 M - a potion of lignification {unknown}


   Skills:
 + Level 8.1 Fighting
 + Level 4.5 Short Blades
 + Level 4.5 Long Blades
 + Level 6.5 Axes
 + Level 4.5 Maces & Flails
 + Level 4.5 Polearms
 + Level 4.5 Staves
 + Level 4.5 Slings
 + Level 4.5 Bows
 + Level 4.5 Crossbows
 + Level 4.5 Throwing
 + Level 4.5 Armour
 + Level 6.5 Dodging
 + Level 10.6 Stealth
 + Level 4.5 Shields
 + Level 4.5 Unarmed Combat
 + Level 4.5 Spellcasting
 + Level 3.7 Conjurations
 + Level 3.7 Hexes
 + Level 3.7 Summonings
 + Level 3.7 Necromancy
 + Level 3.7 Translocations
 + Level 3.7 Transmutations
 + Level 3.7 Fire Magic
 + Level 3.7 Ice Magic
 + Level 3.7 Air Magic
 + Level 3.7 Earth Magic
 + Level 3.7 Poison Magic
 + Level 5.0 Invocations
 + Level 4.5 Evocations


You had 15 spell levels left.
You knew the following spells:

 Your Spells              Type           Power      Damage    Failure   Level
a - Passwall              Tmut/Erth      10%        N/A       26%         2

Your spell library contained the following spells:

 Spells                   Type           Power      Damage    Failure   Level
 Sandblast                Erth           24%        2d8       17%         1
 Ozocubu's Armour         Ice            12%        N/A       45%         3
 Stone Arrow              Conj/Erth      24%        3d8       45%         3
 Iskenderun's Battlesphe  Conj           12%        2d7       99%         5
 Metabolic Englaciation   Hex/Ice        6%         N/A       99%         5
 Iron Shot                Conj/Erth      6%         9d2       100%        6
 Simulacrum               Ice/Necr       6%         N/A       100%        6
 Spellforged Servitor     Conj/Summ      6%         N/A       100%        7


Dungeon Overview and Level Annotations

Branches:
Dungeon (8/15)             Temple (1/1) D:5           Sewer (visited)
   Lair: D:8-11

Altars:
Ashenzari
Cheibriados
Dithmenos
Elyvilon
Fedhas
Gozag
Hepliaklqana
Kikubaaqudgha
Makhleb
Nemelex Xobeh
Okawaru
Qazlal
Ru
Sif Muna
Trog
Uskayaw
Vehumet
Wu Jian
Xom
Yredelemnul
Zin
The Shining One

Shops:
D:2 (


Innate Abilities, Weirdness & Mutations

You have very sharp teeth.
Your uncanny sense of smell can sniff out nearby items.
Your experience applies equally to all skills.


Message History

The sky beast hits you. The sky beast shocks you.
You closely miss the sky beast.
The sky beast is almost dead.
The sky beast hits you but does no damage.
You slash the sky beast!
You kill the sky beast!
Cheibriados appreciates the change of pace.
You completely miss the two-headed ogre.
The two-headed ogre hits you with a +0 giant spiked club!!
The two-headed ogre misses you.
You are too injured to fight recklessly!
You are too injured to fight recklessly!
You are too injured to fight recklessly!
It was a potion of berserk rage.
A red film seems to cover your vision as you go berserk!
Cheibriados protects you from inadvertent hurry.
You feel mighty!
The two-headed ogre hits you with a +0 giant spiked club!
The two-headed ogre hits you with a +0 giant spiked club!!
* * * LOW HITPOINT WARNING * * *
You barely miss the two-headed ogre. You slash the two-headed ogre!
You feel better.
The two-headed ogre is moderately wounded.
The two-headed ogre closely misses you. x2
Your scale mail prevents you from hitting the two-headed ogre.
You bite the two-headed ogre!
The two-headed ogre is moderately wounded.
The two-headed ogre barely misses you.
The two-headed ogre completely misses you.
You closely miss the two-headed ogre. You bite the two-headed ogre.
The two-headed ogre is moderately wounded.
The two-headed ogre hits you with a +0 giant spiked club!!
* * * LOW HITPOINT WARNING * * *
The two-headed ogre closely misses you.
You slash the two-headed ogre!
The two-headed ogre is heavily wounded.
You slash the two-headed ogre! You bite the two-headed ogre!
The two-headed ogre is almost dead.
The two-headed ogre hits you with a +0 giant spiked club!
You die...

........#........#
##.####.#..(......Y$
#.####..........##.
##.......###...#.# #
.........# #.#.#.#
#########...##.#.##
## #.## .... . .. .#
#O# .## ...
.#####@##..#
..............#
#.###†###.#..# ∆#.
...#.#...# ## #
#.###.#.#.###.#
#.#.............#
#.#.###.#.#.###.#
#...#.#.....#
#...#.###.###.#..


You could see a two-headed ogre.

Vanquished Creatures
  The ghost of Zigma the Grave Robber, an amateur OpNe (D:3)
  Duvessa (D:7)
  A water moccasin (D:7)
  4 ice beasts
  A sky beast (D:8)
  A black bear (D:3)
  4 ogres
  2 necrophages
  A kobold brigand (D:6)
  A phantom (D:4)
  3 bullfrogs
  A scorpion (D:7)
  Dowan (D:7)
  3 wights (D:8)
  A bullfrog zombie (D:6)
  4 hounds
  A jelly (D:7)
  3 orc priests
  A centaur skeleton (D:5)
  Natasha (thrice) (D:2)
  3 iguanas
  4 orc wizards
  A scorpion simulacrum (D:3)
  2 hound skeletons (D:4)
  A howler monkey skeleton (D:7)
  9 adders
  7 river rats (Sewer)
  A hound simulacrum (D:3)
  3 shadow imps
  A white imp (D:8)
  An ufetubus (D:4)
  An adder skeleton (D:4)
  5 worms
  A dart slug (D:2)
  An adder simulacrum (D:3)
  21 orcs
  14 ball pythons
  5 endoplasms
  2 giant cockroaches
  4 goblins
  6 hobgoblins
  8 jackals (D:1)
  33 kobolds
  A quokka (D:1)
  2 bats
  3 frilled lizards
  A giant cockroach simulacrum (D:3)
  A quokka simulacrum (D:3)
  19 rats
199 creatures vanquished.

Notes
Turn   | Place    | Note
-------+----------+-------------------------------------------
     0 | D:5      | Reached skill level 9 in Stealth
     0 | D:5      | Ijustatesigmund the Gnoll Delver began the quest for the
                  | Orb.
     0 | D:5      | Reached XP level 1. HP: 23/23 MP: 1/1
    18 | D:5      | Noticed an iguana
    27 | D:6      | Noticed a bullfrog
    39 | D:6      | Killed a bullfrog
    40 | D:6      | Reached skill level 1 in Short Blades
    40 | D:6      | Reached skill level 1 in Long Blades
    40 | D:6      | Reached skill level 1 in Maces & Flails
    40 | D:6      | Reached skill level 1 in Polearms
    40 | D:6      | Reached skill level 1 in Staves
    40 | D:6      | Reached skill level 1 in Slings
    40 | D:6      | Reached skill level 1 in Bows
    40 | D:6      | Reached skill level 1 in Crossbows
    40 | D:6      | Reached skill level 1 in Throwing
    40 | D:6      | Reached skill level 1 in Armour
    40 | D:6      | Reached skill level 1 in Shields
    40 | D:6      | Reached skill level 1 in Unarmed Combat
    40 | D:6      | Reached skill level 1 in Spellcasting
    40 | D:6      | Reached skill level 1 in Invocations
    40 | D:6      | Reached skill level 1 in Evocations
    40 | D:6      | Reached XP level 2. HP: 12/29 MP: 1/3
    40 | D:6      | Reached XP level 3. HP: 14/35 MP: 1/4
    40 | D:6      | Reached XP level 4. HP: 17/41 MP: 1/5
   125 | D:6      | Found a glowing drain.
   135 | Sewer    | Entered a sewer
   595 | Sewer    | Reached skill level 1 in Conjurations
   595 | Sewer    | Reached skill level 1 in Hexes
   595 | Sewer    | Reached skill level 1 in Summonings
   595 | Sewer    | Reached skill level 1 in Necromancy
   595 | Sewer    | Reached skill level 1 in Translocations
   595 | Sewer    | Reached skill level 1 in Transmutations
   595 | Sewer    | Reached skill level 1 in Fire Magic
   595 | Sewer    | Reached skill level 1 in Ice Magic
   595 | Sewer    | Reached skill level 1 in Air Magic
   595 | Sewer    | Reached skill level 1 in Earth Magic
   595 | Sewer    | Reached skill level 1 in Poison Magic
   642 | Sewer    | Reached XP level 5. HP: 16/47 MP: 5/7
  1883 | D:4      | Reached XP level 6. HP: 52/53 MP: 8/8
  1923 | D:4      | Reached skill level 5 in Axes
  1923 | D:4      | Reached skill level 5 in Dodging
  2492 | D:4      | Reached XP level 7. HP: 51/59 MP: 10/10
  3837 | D:2      | Found Wigekot's Weapon Emporium.
  4013 | D:2      | Learned a level 2 spell: Passwall
  4166 | D:2      | Noticed Natasha
  4180 | D:2      | Killed Natasha
  4429 | D:2      | Noticed Natasha
  4441 | D:2      | Killed Natasha
  4461 | D:2      | Noticed Natasha
  4627 | D:2      | Killed Natasha
  4912 | D:3      | Found a runed translucent gate.
  4912 | D:3      | Found a runed translucent gate.
  4912 | D:3      | Found a runed translucent gate.
  5020 | D:3      | Reached skill level 10 in Stealth
  5252 | D:3      | Noticed Zigma's ghost (amateur OpNe)
  5389 | D:3      | Killed Zigma's ghost
  5390 | D:3      | Reached XP level 8. HP: 65/67 MP: 12/12
  6653 | D:5      | Found a sacrificial altar of Ru.
  7107 | D:5      | Found a staircase to the Ecumenical Temple.
  7978 | D:6      | Reached XP level 9. HP: 24/72 MP: 14/14
  8388 | Temple   | Entered the Ecumenical Temple
  9159 | D:7      | Noticed Duvessa
  9159 | D:7      | Noticed Dowan
  9166 | D:7      | Killed Dowan
  9187 | D:7      | Killed Duvessa
 10099 | Temple   | Became a worshipper of Cheibriados the Contemplative
 10615 | D:8      | Noticed a centaur warrior
 10620 | D:8      | Noticed a two-headed ogre
 11123 | D:8      | Reached skill level 5 in Invocations
 11153 | D:8      | HP: 5/111 [two-headed ogre (21)]
 11155 | D:8      | Slain by a two-headed ogre

Illustrated notes

Levels and vault maps discovered:
D:1:      lightli_arrival_windingriver, layout_loops_ring, minivault_5,
          corexii_leaking_fountain, chequers_arboretum, minmay_misc_feat_columns
D:2:      layout_basic, serial_shops, shop, uniq_natasha
D:3:      layout_loops_ring, gammafunk_ghost_icy
D:4:      layout_layer_cave, minmay_fractal_squares_diagonal_5
D:5:      layout_gridville, hangedman_ru_absence, minmay_temple_entry_grid
D:6:      layout_loops_ring, cheibrodos_sewer_entry_sluice,
          hangedman_decor_peaks_small
D:7:      layout_gridville, uniq_duvessa
D:8:      layout_loops_ring, minmay_misc_feat_roman
Temple:   roderic_octagonal_lattice_temple

Skill      XL: |  1  2  3  4  5  6  7  8  9 |
---------------+----------------------------+-----
Stealth        | 10 | 10.6
Short Blades   | 1 2 3 4 |  4.5
Long Blades    | 1 2 3 4 |  4.5
Maces & Flails | 1 2 3 4 |  4.5
Polearms       | 1 2 3 4 |  4.5
Staves         | 1 2 3 4 |  4.5
Slings         | 1 2 3 4 |  4.5
Bows           | 1 2 3 4 |  4.5
Crossbows      | 1 2 3 4 |  4.5
Throwing       | 1 2 3 4 |  4.5
Armour         | 1 2 3 4 |  4.5
Shields        | 1 2 3 4 |  4.5
Unarmed Combat | 1 2 3 4 |  4.5
Spellcasting   | 1 2 3 4 |  4.5
Invocations    | 1 2 3 4 5 |  5.0
Evocations     | 1 2 3 4 |  4.5
Conjurations   | 1 2 3 |  3.7
Hexes          | 1 2 3 |  3.7
Summonings     | 1 2 3 |  3.7
Necromancy     | 1 2 3 |  3.7
Translocations | 1 2 3 |  3.7
Transmutations | 1 2 3 |  3.7
Fire Magic     | 1 2 3 |  3.7
Ice Magic      | 1 2 3 |  3.7
Air Magic      | 1 2 3 |  3.7
Earth Magic    | 1 2 3 |  3.7
Poison Magic   | 1 2 3 |  3.7
Axes           | 5 6 |  6.5
Dodging        | 5 6 |  6.5
Fighting       | 7 8 |  8.1

Action                   |  1- 3 |  4- 6 |  7- 9 || total
-------------------------+-------+-------+-------++-------
Melee: Hand axe          |     6 |   179 |   582 ||   767
       Bite              |     2 |    12 |    52 ||    66
       Punch             |       |       |    10 ||    10
Throw: Dart              |       |       |     5 ||     5
Evoke: Wand              |       |       |     9 ||     9
  Use: Potion            |       |     6 |     7 ||    13
       Scroll            |       |     7 |    12 ||    19
 Stab: Sleeping          |       |    12 |    26 ||    38
Armor: Leather armour    |     2 |    24 |       ||    26
       Scale mail        |       |    35 |   246 ||   281
Dodge: Dodged            |     2 |   113 |   330 ||   445

Table legend: (Time is in decaauts)
 A = Elapsed time spent in this place.
 B = Non-inter-level travel time spent in this place.
 C = Inter-level travel time spent in this place.
 D = Time resting spent in this place.
 E = Time spent auto-exploring this place.
 F = Levels seen in this place.
 G = Mean time per level.
                   A        B        C        D        E       F      G
               +--------+--------+--------+--------+--------+-----+--------+
         Total |  11238 |  10758 |    480 |   2398 |   6428 |  10 | 1123.8 |
       Dungeon |   9587 |   9169 |    418 |   1673 |   5872 |   8 | 1198.4 |
        Temple |    326 |    265 |     61 |      0 |    243 |   1 |  326.0 |
         Sewer |   1324 |   1324 |      0 |    725 |    312 |   1 | 1324.0 |
               +--------+--------+--------+--------+--------+-----+--------+

Top non-repeatable levels by time:
     D:4: 1896 daAuts
     D:6: 1766 daAuts
     D:7: 1525 daAuts
   Sewer: 1324 daAuts
     D:5: 1102 daAuts
     D:2: 1023 daAuts
     D:1: 916 daAuts
     D:3: 761 daAuts
     D:8: 595 daAuts
  Temple: 326 daAuts
